 Dungeon Crawl Stone Soup version 0.31-a0-875-g02e7d12df6 (webtiles) character file.

Game seed: 9927793270039696697

479 zero the Sneak (level 7, -2/38 HPs)
             Began as a Vine Stalker Brigand on Oct 12, 2023.
             Was a Follower of Ru.
             Killed from afar by a white imp (6 damage)
             ... with a puff of frost
             ... summoned by Eustachio
             ... on level 4 of the Dungeon.
             The game lasted 00:06:33 (3293 turns).

zero the Sneak (Vine Stalker Brigand)               Turns: 3293, Time: 00:06:33

Health: -2/38      AC:  6    Str: 16      XL:     7   Next: 11%
Magic:  0/8        EV: 11    Int: 11      God:    Ru [*.....]
Gold:   286        SH:  0    Dex: 23 (24) Spells: 6/6 levels left

rFire   + . .        g - +0 lajatang
rCold   . . .        (shield currently unavailable)
rNeg    . . .        y - +2 leather armour of the Barnacle {rCorr}
rPois   +            (no helmet)
rElec   .            u - +0 cloak
rCorr   +            (no gloves)
SInv    .            (no boots)
Will    .....        (no amulet)
Stlth   ++++         l - ring of poison resistance
HPRegen 1.06/turn    s - ring of the Muttering Gods {rF+ Str+3 Dex+6}
MPRegen 0.11/turn

%: guardian spirit
@: no status effects
A: fangs 2, regeneration 1, magic shield, antimagic bite, no potion heal 2, no
conjurations magic, no earth magic, no transmutations magic
a: Renounce Religion


You were on level 4 of the Dungeon.
You worshipped Ru.
Ru was aware of your devotion.
You visited 1 branch of the dungeon, and saw 4 of its levels.

You collected 286 gold pieces.

Inventory:

Hand Weapons
 a - a +2 dagger
 g - a +0 lajatang (weapon)
 h - a +0 whip of electrocution
Missiles
 d - 19 poisoned darts (quivered)
 e - 3 curare-tipped darts
Armour
 u - a +0 cloak (worn)
 y - the +2 leather armour of the Barnacle (worn) {rCorr}
   (You found it on level 3 of the Dungeon)

   rCorr:     It protects you from acid and corrosion.
Jewellery
 l - a ring of poison resistance (left hand)
 r - a +6 ring of intelligence
 s - the ring of the Muttering Gods (right hand) {rF+ Str+3 Dex+6}
   (You found it on level 2 of the Dungeon)

   [ring of dexterity]

   Str+3:     It affects your strength (+3).
   Dex+6:     It affects your dexterity (+6).
   rF+:       It protects you from fire.
Wands
 v - a wand of charming (9)
 x - a wand of light (8)
 B - a wand of roots (7)
Scrolls
 b - a scroll of teleportation {unknown}
 f - a scroll of silence {unknown}
 i - 6 scrolls of identify {unknown}
 j - 4 scrolls of fog {unknown}
 n - a scroll of torment {unknown}
 o - a scroll of poison {unknown}
 q - 2 scrolls of immolation {unknown}
 t - a scroll of acquirement {unknown}
 w - a scroll of enchant armour {unknown}
Potions
 c - a potion of enlightenment {unknown}
 k - a potion of degeneration {unknown}
 m - 2 potions of heal wounds {unknown}
 p - 2 potions of curing {unknown}
 z - a potion of resistance {unknown}
 A - a potion of haste {unknown}


   Skills:
 * Level 4.6 Fighting
 - Level 1.7 Short Blades
 * Level 2.4 Staves
 - Level 1.7 Throwing
 + Level 2.2 Armour
 - Level 1.0 Dodging
 + Level 6.1 Stealth
 + Level 0.7 Evocations


You had 6 spell levels left.
You didn't know any spells.
Your spell library contained the following spells:

 Spells                   Type           Power      Damage    Failure   Level
 Confusing Touch          Hex            0%         N/A       78%         3
 Ozocubu's Armour         Ice            0%         N/A       78%         3
 Dispel Undead            Necr           0%         3d6       99%         4
 Ozocubu's Refrigeration  Ice            0%         4d7       100%        7
 Kiss of Death            Conj/Necr      Unusable   2d5       N/A         1
 Passwall                 Tmut/Erth      Unusable   N/A       N/A         2
 Wereblood                Tmut           Unusable   N/A       N/A         2
 Ignite Poison            Fire/Tmut/Pois Unusable   N/A       N/A         3
 Petrify                  Tmut/Erth      Unusable   N/A       N/A         4
 Irradiate                Conj/Tmut      Unusable   3d11      N/A         5

Dungeon Overview and Level Annotations

Branches:
Dungeon (4/15)
 Temple: D:4-7

Altars:
Gozag
Ru
Sif Muna
The Shining One

Annotations:
D:4 Eustachio, Sigmund


Innate Abilities, Weirdness & Mutations

You have extremely sharp teeth.
Your natural rate of healing is unusually fast.
When hurt, damage is shared between your health and your magic reserves.
Your bite disrupts and absorbs the magic of your enemies.
Potions cannot restore your health.
You cannot study or cast Conjurations magic.
You cannot study or cast Earth magic.
You cannot study or cast Transmutations magic.


Message History

Eustachio is lightly wounded.
Eustachio falters for a moment.
The white imp gestures at you.
The puff of frost hits you but does no damage.
Eustachio hits you with a +0 rapier! The iron imp barely misses you.
You barely miss Eustachio.
Eustachio is lightly wounded.
The white imp barely misses you. The white imp gestures at you.
The puff of frost hits you. Eustachio closely misses you.
The iron imp barely misses you.
You hit Eustachio.
Eustachio is lightly wounded.
Eustachio's magic is no longer disrupted.
The white imp gestures at you. The puff of frost hits you.
The white imp barely misses you.
Eustachio gestures wildly while chanting.
Eustachio blinks!
The iron imp hits you.
The white imp hits you but does no damage.
You redirect the white imp's attack!
The white imp hits you. The white imp freezes you.
The white imp gestures at you. The puff of frost hits you.
The white imp gestures at you. The puff of frost hits you!
* * * LOW HITPOINT WARNING * * *
The iron imp barely misses you.
Eustachio casts a spell.
Eustachio blinks!
The white imp gestures at you. The puff of frost misses you.
The white imp disappears for a moment.
The white imp gestures at you. The puff of frost misses you.
The white imp gestures at you. The puff of frost hits you!
* * * LOW HITPOINT WARNING * * *
The white imp gestures at you. The puff of frost hits you!
You die...

###.#..########.###.# #.#
..#.#..# #..#.# #.# #.# ..#.#..#
##..#.###.# #.#
#'#.#..####.........# #.#
....#.....'..)......#########.#
#'#.#.#####....<............#.#
..#.#...............#######.#.#
..#.###....).###..............#
###.#............@..........###
....##............#.############
###.#....#'#....5..............#
..#.#..#.'_'..5......#########.#
..#.#..###'#.@5......# #.#
#'#.#...#............# #.#
....#...#.#..........# #.#
#'#.#...#.#..........# #.#
..#.##..#.#..........# #.#


You could see Eustachio, an iron imp (summoned) and 2 white imps.

Vanquished Creatures
  A water moccasin (D:3)
  A black bear (D:4)
  A scorpion (D:4)
  A jelly (D:4)
  An iguana (D:4)
  An orc wizard (D:4)
  A sleepcap (D:4)
  3 adders
  2 worms
  A dart slug (D:1)
  3 orcs
  5 ball pythons
  4 bats
  9 endoplasms
  2 giant cockroaches
  8 goblins
  8 hobgoblins
  8 jackals (D:1)
  3 quokkas
  2 frilled lizards
  10 kobolds
  6 rats
81 creatures vanquished.

Notes
Turn   | Place    | Note
-------+----------+-------------------------------------------
     0 | D:1      | zero the Vine Stalker Brigand began the quest for the Orb.
     0 | D:1      | Reached XP level 1. HP: 11/11 MP: 2/2
    68 | D:1      | Reached XP level 2. HP: 16/16 MP: 3/3
   265 | D:1      | Reached XP level 3. HP: 17/19 MP: 2/4
   442 | D:1      | Reached skill level 1 in Staves
  1021 | D:2      | Got a conspicuous book
  1063 | D:2      | Identified the ring of the Muttering Gods {rF+ Str+3 Dex+6}
  1294 | D:2      | Reached XP level 4. HP: 24/24 MP: 5/5
  1651 | D:3      | Found a sacrificial altar of Ru.
  1658 | D:3      | Became a worshipper of Ru the Awakened
  1682 | D:3      | Reached skill level 1 in Dodging
  1695 | D:3      | Found an opulent altar of Gozag.
  1829 | D:3      | Noticed a water moccasin
  1835 | D:3      | Killed a water moccasin
  1836 | D:3      | Reached skill level 1 in Armour
  1836 | D:3      | Reached skill level 5 in Stealth
  1836 | D:3      | Reached XP level 5. HP: 28/28 MP: 6/6
  1934 | D:3      | Identified the +2 leather armour of the Barnacle {rCorr}
  2164 | D:4      | Found a shimmering blue altar of Sif Muna.
  2187 | D:4      | Noticed a black bear
  2197 | D:4      | Killed a black bear
  2198 | D:4      | Reached XP level 6. HP: 13/33 MP: 3/7
  2326 | D:4      | Noticed Eustachio
  2404 | D:4      | Reached skill level 6 in Stealth
  2494 | D:4      | Found a glowing golden altar of the Shining One.
  2511 | D:4      | Noticed Sigmund
  2639 | D:4      | Gained mutation: You cannot study or cast Earth magic. [Ru
                  | sacrifice]
  2639 | D:4      | Gained mutation: You cannot study or cast Transmutations
                  | magic. [Ru sacrifice]
  2639 | D:4      | Gained mutation: You cannot study or cast Conjurations
                  | magic. [Ru sacrifice]
  2639 | D:4      | Reached * piety under Ru
  2757 | D:4      | Reached XP level 7. HP: 38/38 MP: 8/8
  3293 | D:4      | Killed from afar by a white imp

Illustrated notes

Levels and vault maps discovered:
D:1:      lightli_iron_boxes, layout_basic
D:2:      layout_loops_ring
D:3:      layout_rooms, hangedman_ru_absence,
          mainiacjoe_overflow_small_starburst
D:4:      minmay_door_path, layout_basic, kennysheep_mini,
          amcnicky_altar_gilded, uniq_sigmund, uniq_eustachio

Skill      XL: |  1  2  3  4  5  6 |
---------------+-------------------+-----
Fighting       | 2 3 4 |  4.6
Staves         | 1 2 |  2.4
Dodging        | 1 |  1.0
Armour         | 1 2 |  2.2
Stealth        | 5 6 |  6.1
Short Blades   | |  1.7
Throwing       | |  1.7
Evocations     | |  0.7

Action                     |  1- 3 |  4- 6 |  7- 9 || total
---------------------------+-------+-------+-------++-------
  Melee: Dagger            |    19 |       |       ||    19
         Bite              |    24 |    11 |    13 ||    48
         Lajatang          |    95 |    73 |    36 ||   204
 Invoke: Sacrifice Arcana  |       |     1 |       ||     1
   Stab: Sleeping          |     7 |     5 |     1 ||    13
         Distracted        |     1 |       |       ||     1
 Armour: Robe              |    86 |    13 |       ||    99
         Scale mail        |       |    11 |       ||    11
         Leather armour    |       |    39 |    84 ||   123
  Dodge: Dodged            |    96 |    49 |    56 ||   201

Table legend: (Time is in decaauts)
 A = Elapsed time spent in this place.
 B = Non-inter-level travel time spent in this place.
 C = Inter-level travel time spent in this place.
 D = Time resting spent in this place.
 E = Time spent auto-exploring this place.
 F = Levels seen in this place.
 G = Mean time per level.
                   A        B        C        D        E       F      G
               +--------+--------+--------+--------+--------+-----+--------+
         Total |   3357 |   3227 |    130 |    124 |   2040 |   4 |  839.2 |
       Dungeon |   3357 |   3227 |    130 |    124 |   2040 |   4 |  839.2 |
               +--------+--------+--------+--------+--------+-----+--------+

Top non-repeatable levels by time:
     D:4: 1188 daAuts
     D:1: 907 daAuts
     D:2: 719 daAuts
     D:3: 542 daAuts
